 Dungeon Crawl Stone Soup version 0.29.1-1-gd02db6906a (webtiles) character file.

Game seed: 11195055392461165676

3 Orsonium the Chiller (level 1, -1/13 HPs)
             Began as a Merfolk Ice Elementalist on Sept 21, 2022.
             Killed from afar by a dart slug (6 damage)
             ... with a slug dart
             ... on level 1 of the Dungeon.
             The game lasted 00:00:28 (250 turns).

Orsonium the Chiller (Merfolk Ice Elementalist)      Turns: 250, Time: 00:00:28

Health: -1/13      AC:  2    Str:  8    XL:     1   Next: 50%
Magic:  3/3        EV: 12    Int: 14    God:
Gold:   13         SH:  0    Dex: 14    Spells: 3/4 levels left

rFire   . . .      SeeInvis .   (no weapon)
rCold   . . .      Faith    .   (no shield)
rNeg    . . .      Spirit   .   a - +0 robe
rPois   .          Reflect  .   (no helmet)
rElec   .          Harm     .   (no cloak)
rCorr   .          Rampage  .   (no gloves)
Will    .....                   (no boots)
Stlth   ++........              (no amulet)
HPRegen 0.04/turn               (no ring)
MPRegen 0.08/turn               (no ring)

@: no status effects
A: (nimble swimmer 2), mertail
a: no special abilities


You were on level 1 of the Dungeon.
You visited 1 branch of the dungeon, and saw 1 of its levels.

You collected 13 gold pieces.

Inventory:

Armour
 a - a +0 robe (worn)
Scrolls
 c - a scroll of identify {unknown}
Potions
 b - a potion of magic
 d - a potion of ambrosia {unknown}


   Skills:
 + Level 2.7 Dodging
 + Level 2.2 Stealth
 + Level 2.0 Spellcasting
 + Level 4.5 Ice Magic


You had 3 spell levels left.
You knew the following spells:

 Your Spells              Type           Power      Damage    Failure   Level
a - Freeze                Ice            56%        1d7       3%          1

Your spell library contained the following spells:

 Spells                   Type           Power      Damage    Failure   Level
 Frozen Ramparts          Ice            28%        1d5       11%         3
 Ozocubu's Armour         Ice            14%        N/A       11%         3
 Hailstorm                Conj/Ice       7%         3d4       67%         4


Dungeon Overview and Level Annotations

Branches:
Dungeon (1/15)

Altars:


Innate Abilities, Weirdness & Mutations

((You are very nimble when in or above water. (Stealth+, EV+, Speed+++)))
Your lower body shifts to a powerful aquatic tail in water.


Message History

The bat barely misses you.
You start resting.
The bat completely misses you.
A bat is nearby!
You freeze the bat.
You kill the bat!
You start resting.
Magic restored.
You see here a bat corpse.
Found 8 stones.
d - a metallic coppery potion You now have 13 gold pieces.
You see here a bat corpse.
A dart slug comes into view.
A kobold comes into view. It is wielding a +0 dagger.
The kobold shouts!
The kobold closely misses you.
You closely miss the kobold. The kobold misses you.
You hit the kobold but do no damage. The kobold barely misses you.
You barely miss the kobold. The kobold barely misses you.
You miss the kobold. The kobold hits you with a +0 dagger.
You closely miss the kobold. The kobold closely misses you.
You closely miss the kobold. The dart slug barely misses you.
The kobold hits you with a +0 dagger.
You barely miss the kobold. The kobold hits you with a +0 dagger.
You hit the kobold but do no damage. The dart slug closely misses you.
The kobold misses you.
You hit the kobold but do no damage. The dart slug launches a dart at you.
The slug dart misses you. The kobold closely misses you.
You barely miss the kobold. The kobold barely misses you.
You hit the kobold but do no damage. The dart slug closely misses you.
The kobold hits you with a +0 dagger.
You closely miss the kobold. The dart slug launches a dart at you.
The slug dart misses you. The kobold closely misses you.
You barely miss the kobold. The dart slug launches a dart at you.
The slug dart hits you.
You die...

#####.##.####.#...#
##.....##..).....#.########
#.....############.#.......
#.>##.# ##..†.#####. ####
#..##.# #.###.#####.
....##..##.# #######.# #....##.
###........# #.....#.###.##.##.
.......)#..####.w...##..........
...............@K...###.#.......
......#.#.#.###.....# #.#.##...#
.##.#.#.#.#.# #.....# #.#......#
..........#.# ####### #.#(.##..#
.####.##.##.# #.#..##..#
#.##.##.# #........#
#.......######### ####.#####
####............# #.#
#######.#.##.######.#


You could see a dart slug and a kobold.

Vanquished Creatures
  A bat (D:1)
  2 goblins (D:1)
3 creatures vanquished.

Notes
Turn   | Place    | Note
-------+----------+-------------------------------------------
     0 | D:1      | Orsonium the Merfolk Ice Elementalist began the quest for
                  | the Orb.
     0 | D:1      | Reached XP level 1. HP: 13/13 MP: 3/3
   250 | D:1      | Killed from afar by a dart slug

Illustrated notes

Levels and vault maps discovered:
D:1:      lightli_arrival_statue_moat, layout_loops_cross,
          hellmonk_ecumenical_altar_pennies_from_heaven, hangedman_decor_push

Action                   || total
-------------------------++-------
Melee: Unarmed           ||    13
 Cast: Freeze            ||     5
Armor: Robe              ||     1
Dodge: Dodged            ||    19
